MID
BINGHAMTON METS @ AUGUSTA GREENJACKETS
06/19/2049
 
TOP OF THE 1ST
Binghamton Mets batting - Pitching for Augusta GreenJackets : LHP Dan Poirier
Pitching: LHP Dan Poirier
Batting: SHB Tyler Maddux 0-0: Called Strike
0-1: Ground out 6-3 (Groundball, 6, EV 98.8 MPH)
Batting: SHB Nick Daigle 0-0: Swinging Strike
0-1: Foul Ball, location: 2F
0-2: Strikes out swinging
Batting: RHB Oscar Bravo 0-0: Ball
1-0: Swinging Strike
1-1: Swinging Strike
1-2: Ball
2-2: Strikes out swinging
Top of the 1st over - 0 runs, 0 hits, 0 errors, 0 left on base; Binghamton 0 - Augusta 0
BOTTOM OF THE 1ST
Augusta GreenJackets batting - Pitching for Binghamton Mets : RHP Jean-Pierre Carpentier
Pitching: RHP Jean-Pierre Carpentier
Batting: SHB Zack Barton 0-0: Swinging Strike
0-1: Ground out 5-3 (Groundball, 56S, EV 68.1 MPH)
Batting: RHB Frank Pena 0-0: Ball
1-0: Fly out, F2 (Popup, 23F, EV 91.2 MPH)
Batting: LHB Sam Ogg 0-0: Called Strike
0-1: Ball
1-1: Swinging Strike
1-2: Foul Ball, location: 2F
1-2: Strikes out swinging
Bottom of the 1st over - 0 runs, 0 hits, 0 errors, 0 left on base; Binghamton 0 - Augusta 0
TOP OF THE 2ND
Binghamton Mets batting - Pitching for Augusta GreenJackets : LHP Dan Poirier
Batting: RHB Enrique Aguirre 0-0: Called Strike
0-1: Foul Ball, location: 2F
0-2: Ball
1-2: Ball
2-2: Strikes out swinging
Batting: SHB Keith Casner 0-0: Called Strike
0-1: Called Strike
0-2: SINGLE (Groundball, 6MD, EV 94.4 MPH)
Batting: RHB Jake Geib 0-0: Ball
1-0: Called Strike
1-1: Ball
2-1: Swinging Strike
Passed Ball!
Keith Casner to second
2-2: Strikes out looking
Batting: RHB Sam Callahan 0-0: Called Strike
0-1: Called Strike
0-2: Ball
1-2: Foul Ball, location: 2F
1-2: SINGLE (Groundball, 4MD, EV 99.4 MPH)
Keith Casner to third
Runner from 3rd tries for Home, SAFE, throw by CF to home
Batting: RHB Reginald McDougall 0-0: Ball
1-0: Ball
2-0: Fly out, F8 (Flyball, 8LXD, EV 102.5 MPH)
Top of the 2nd over - 1 run, 2 hits, 0 errors, 1 left on base; Binghamton 1 - Augusta 0
BOTTOM OF THE 2ND
Augusta GreenJackets batting - Pitching for Binghamton Mets : RHP Jean-Pierre Carpentier
Batting: SHB Ben Myers 0-0: Ground out 4-3 (Groundball, 34, EV 108.8 MPH)
Batting: LHB Oscar Tamayo 0-0: Swinging Strike
0-1: Ball
1-1: Foul Ball, location: 2F
1-2: Strikes out swinging, 2-3 out at first.
Batting: LHB Bruce Arvizu 0-0: Called Strike
0-1: Ball
1-1: Ball
2-1: Fly out, F7 (Flyball, 78S, EV 91.9 MPH)
Bottom of the 2nd over - 0 runs, 0 hits, 0 errors, 0 left on base; Binghamton 1 - Augusta 0
TOP OF THE 3RD
Binghamton Mets batting - Pitching for Augusta GreenJackets : LHP Dan Poirier
Batting: LHB Jeremy Moorehead 0-0: Called Strike
0-1: Ball
1-1: Foul Ball, location: 2F
1-2: Ball
2-2: Ball
3-2: Strikes out swinging
Batting: SHB Tyler Maddux 0-0: Ball
1-0: Fly out, F9 (Flyball, 89S, EV 91.2 MPH)
Batting: SHB Nick Daigle 0-0: Ball
1-0: Ball
2-0: SINGLE (Line Drive, 78M, EV 111.2 MPH)
Batting: RHB Oscar Bravo 0-0: Ball
1-0: Foul Ball, location: 2F
1-1: Ball
2-1: Ball
3-1: Called Strike
3-2: Base on Balls
Nick Daigle to second
Batting: RHB Enrique Aguirre 0-0: Ball
1-0: Fielders Choice at 2nd, 6-4 (Groundball, 6, EV 91.2 MPH)
Top of the 3rd over - 0 runs, 1 hit, 0 errors, 2 left on base; Binghamton 1 - Augusta 0
BOTTOM OF THE 3RD
Augusta GreenJackets batting - Pitching for Binghamton Mets : RHP Jean-Pierre Carpentier
Batting: RHB Nate Burkhalter 0-0: Foul Ball, location: 2F
0-1: Foul Ball, location: 2F
0-2: Ball
1-2: Strikes out looking
Batting: RHB Justin Baldwin 0-0: Ball
1-0: DOUBLE (Line Drive, 8RXD, EV 113.1 MPH)
Batting: RHB Gary Sampson 0-0: Called Strike
0-1: Ball
1-1: Swinging Strike
1-2: Ball
2-2: Strikes out swinging
Batting: SHB Zack Barton 0-0: Ball
1-0: Foul Ball, location: 2F
1-1: Ball
2-1: SINGLE (Line Drive, 3L, EV 99.4 MPH)
Justin Baldwin to third
Batting: RHB Frank Pena 0-0: Ball
1-0: 3-RUN HOME RUN (Flyball, 78XD, EV 101.9 MPH), Distance : 410 ft
Batting: LHB Sam Ogg 0-0: Swinging Strike
0-1: Ball
1-1: Ball
2-1: Foul Ball, location: 2F
2-2: Ball
3-2: Ground out U3 (Groundball, 34S, EV 70.6 MPH)
Bottom of the 3rd over - 3 runs, 3 hits, 0 errors, 0 left on base; Binghamton 1 - Augusta 3
TOP OF THE 4TH
Binghamton Mets batting - Pitching for Augusta GreenJackets : LHP Dan Poirier
Batting: SHB Keith Casner 0-0: Called Strike
0-1: Ball
1-1: Ball
2-1: Fly out, F7 (Line Drive, 7S, EV 86.9 MPH)
Batting: RHB Jake Geib 0-0: Called Strike
0-1: Swinging Strike
0-2: Strikes out swinging
Batting: RHB Sam Callahan 0-0: Ball
1-0: Ball
2-0: Ground out 6-3 (Groundball, P, EV 88.8 MPH)
Top of the 4th over - 0 runs, 0 hits, 0 errors, 0 left on base; Binghamton 1 - Augusta 3
BOTTOM OF THE 4TH
Augusta GreenJackets batting - Pitching for Binghamton Mets : RHP Jean-Pierre Carpentier
Batting: SHB Ben Myers 0-0: Ball
1-0: SOLO HOME RUN (Flyball, 89XD, EV 103.1 MPH), Distance : 418 ft
Batting: LHB Oscar Tamayo 0-0: Called Strike
0-1: Called Strike
0-2: Ball
1-2: Ball
2-2: Foul Ball, location: 2F
2-2: SINGLE (Flyball, 89S, EV 93.8 MPH)
Batting: LHB Bruce Arvizu 0-0: Foul Ball, location: 2F
0-1: Grounds into double play, 4-6-3 (Groundball, 4S, EV 87.5 MPH)
Batting: RHB Nate Burkhalter 0-0: Ball
1-0: Ball
2-0: Ball
3-0: Called Strike
3-1: Base on Balls
Batting: RHB Justin Baldwin 0-0: Called Strike
Nate Burkhalter steals 2nd base
0-1: Ball
1-1: Swinging Strike
1-2: Ground out 4-3 (Groundball, 4, EV 91.9 MPH)
Bottom of the 4th over - 1 run, 2 hits, 0 errors, 1 left on base; Binghamton 1 - Augusta 4
TOP OF THE 5TH
Binghamton Mets batting - Pitching for Augusta GreenJackets : LHP Dan Poirier
Batting: RHB Reginald McDougall 0-0: Foul Ball, location: 2F
0-1: Swinging Strike
0-2: Ball
1-2: Ball
2-2: Ball
3-2: Base on Balls
Batting: LHB Jeremy Moorehead 0-0: Ball
Reginald McDougall steals 2nd base
1-0: Foul Ball, location: 2F
1-1: Called Strike
1-2: Ball
2-2: Strikes out swinging
Batting: SHB Tyler Maddux 0-0: Called Strike
Reginald McDougall steals 3rd base (no throw)
0-1: Ground out U3 (Groundball, 3L, EV 87.5 MPH)
Batting: SHB Nick Daigle 0-0: Called Strike
0-1: Ball
1-1: Swinging Strike
1-2: Foul Ball, location: 2F
1-2: Foul Ball, location: 2F
1-2: Foul Ball, location: 2F
1-2: Foul Ball, location: 2F
1-2: Ball
2-2: Ground out 6-3 (Groundball, 6, EV 89.4 MPH)
Top of the 5th over - 0 runs, 0 hits, 0 errors, 1 left on base; Binghamton 1 - Augusta 4
BOTTOM OF THE 5TH
Augusta GreenJackets batting - Pitching for Binghamton Mets : RHP Jean-Pierre Carpentier
Batting: RHB Gary Sampson 0-0: Ball
1-0: Foul Ball, location: 2F
1-1: Swinging Strike
1-2: DOUBLE (Line Drive, 8LXD, EV 109.4 MPH)
Batting: SHB Zack Barton 0-0: Foul Ball, location: 2F
0-1: Ball
1-1: Ball
2-1: Foul Ball, location: 2F
2-2: Ball
3-2: Fly out, F7 (Line Drive, 7, EV 95.6 MPH)
Batting: RHB Frank Pena 0-0: Called Strike
0-1: Ground out 1-3 (Groundball, 13, EV 72.5 MPH)
Gary Sampson to third
Batting: LHB Sam Ogg 0-0: Ball
1-0: Foul Ball, location: 2F
1-1: Ball
2-1: Called Strike
2-2: Strikes out swinging
Bottom of the 5th over - 0 runs, 1 hit, 0 errors, 1 left on base; Binghamton 1 - Augusta 4
TOP OF THE 6TH
Binghamton Mets batting - Pitching for Augusta GreenJackets : LHP Dan Poirier
Batting: RHB Oscar Bravo 0-0: Ball
1-0: Foul Ball, location: 2F
1-1: Foul Ball, location: 2F
1-2: Foul Ball, location: 2F
1-2: SINGLE (Groundball, 56D, EV 97.5 MPH)
Batting: RHB Enrique Aguirre 0-0: Ball
Oscar Bravo steals 2nd base
1-0: SINGLE (Line Drive, 89S, EV 93.1 MPH)
Oscar Bravo to third
Runner from 3rd tries for Home, SAFE, throw by CF to home
Batting: SHB Keith Casner 0-0: Called Strike
0-1: 2-RUN HOME RUN (Flyball, 78XD, EV 104.4 MPH), Distance : 415 ft
Batting: RHB Jake Geib 0-0: Ball
1-0: Foul Ball, location: 2F
1-1: SINGLE (Flyball, 89S, EV 85.0 MPH)
Batting: RHB Sam Callahan 0-0: Ball
1-0: Called Strike
1-1: Ball
2-1: Ball
3-1: SINGLE (Groundball, 3D, EV 97.5 MPH)
Jake Geib to second
Runner from 2nd tries for 3rd, SAFE, throw by RF made at trailing runner, OUT! 9-6
Batting: RHB Reginald McDougall 0-0: Ball
1-0: SINGLE (Groundball, 34D, EV 85.6 MPH) (infield hit)
Jake Geib scores
Pitching: LHP Kevin Drew
Batting: LHB Jeremy Moorehead 0-0: Called Strike
Reginald McDougall steals 2nd base
0-1: Ground out 4-3 (Groundball, 4S, EV 85.0 MPH)
Reginald McDougall to third
Batting: SHB Tyler Maddux 0-0: Called Strike
0-1: Foul Ball, location: 2F
0-2: Strikes out swinging
Top of the 6th over - 4 runs, 6 hits, 0 errors, 1 left on base; Binghamton 5 - Augusta 4
BOTTOM OF THE 6TH
Augusta GreenJackets batting - Pitching for Binghamton Mets : RHP Jean-Pierre Carpentier
Batting: SHB Ben Myers 0-0: Foul Ball, location: 2F
0-1: Foul Ball, location: 2F
0-2: Ball
1-2: Fly out, F7 (Flyball, 7D, EV 85.0 MPH)
Batting: LHB Oscar Tamayo 0-0: Ball
1-0: Called Strike
1-1: Called Strike
1-2: Fly out, F7 (Flyball, 78D, EV 91.2 MPH)
Batting: LHB Bruce Arvizu 0-0: Ball
1-0: Fly out, F8 (Flyball, 78S, EV 98.1 MPH)
Bottom of the 6th over - 0 runs, 0 hits, 0 errors, 0 left on base; Binghamton 5 - Augusta 4
TOP OF THE 7TH
Binghamton Mets batting - Pitching for Augusta GreenJackets : LHP Kevin Drew
Batting: SHB Nick Daigle 0-0: Swinging Strike
0-1: Swinging Strike
0-2: Foul Ball, location: 2F
0-2: SINGLE (Groundball, 6S, EV 69.4 MPH) (infield hit)
Batting: RHB Oscar Bravo 0-0: Called Strike
0-1: Called Strike
0-2: Ball
1-2: Ball
2-2: Ball
3-2: Strikes out looking
Batting: RHB Enrique Aguirre 0-0: Ball
1-0: Ball
2-0: SINGLE (Groundball, 34S, EV 66.2 MPH) (infield hit)
Nick Daigle to second
Batting: SHB Keith Casner 0-0: Ball
1-0: Foul Ball, location: 2F
1-1: Foul Ball, location: 2F
1-2: Strikes out swinging
Batting: RHB Jake Geib 0-0: Foul Ball, location: 2F
0-1: Ball
Passed Ball!
Nick Daigle to third
Enrique Aguirre to second
1-1: Foul Ball, location: 2F
1-2: Fly out, F8 (Flyball, 8LD, EV 84.4 MPH)
Top of the 7th over - 0 runs, 2 hits, 0 errors, 2 left on base; Binghamton 5 - Augusta 4
BOTTOM OF THE 7TH
Augusta GreenJackets batting - Pitching for Binghamton Mets : RHP Jean-Pierre Carpentier
Batting: RHB Nate Burkhalter 0-0: Foul Ball, location: 2F
0-1: Ground out 6-3 (Groundball, P, EV 86.9 MPH)
Batting: RHB Justin Baldwin 0-0: Foul Ball, location: 2F
0-1: Fly out, F9 (Flyball, 89D, EV 77.5 MPH)
Pinch Hitting: SHB Louie Horne 0-0: Ball
1-0: Foul Ball, location: 2F
1-1: Foul Ball, location: 2F
1-2: Foul Ball, location: 2F
1-2: Foul Ball, location: 2F
1-2: SOLO HOME RUN (Flyball, 7D, EV 98.1 MPH), Distance : 373 ft
Pitching: RHP Felipe Hinojosa
Batting: SHB Zack Barton 0-0: Called Strike
0-1: Foul Ball, location: 2F
0-2: Foul Ball, location: 2F
0-2: Ball
1-2: SINGLE (Groundball, 34D, EV 97.5 MPH)
Batting: RHB Frank Pena 0-0: Ball
1-0: Called Strike
1-1: Called Strike
Zack Barton steals 2nd base
1-2: Ball
2-2: Strikes out swinging
Bottom of the 7th over - 1 run, 2 hits, 0 errors, 1 left on base; Binghamton 5 - Augusta 5
TOP OF THE 8TH
Binghamton Mets batting - Pitching for Augusta GreenJackets : LHP Kevin Drew
Pitching: LHP Christian Rogers
Now at 2B: Allen Gravel
Batting: RHB Sam Callahan 0-0: Ball
1-0: Ball
2-0: Fly out, F4 (Popup, 4S, EV 69.4 MPH)
Batting: RHB Reginald McDougall 0-0: Fly out, F7 (Flyball, 78M, EV 91.9 MPH)
Pinch Hitting: RHB Gang-sheng Chew 0-0: Swinging Strike
0-1: Ball
1-1: Foul Ball, location: 2F
1-2: Strikes out swinging
Top of the 8th over - 0 runs, 0 hits, 0 errors, 0 left on base; Binghamton 5 - Augusta 5
BOTTOM OF THE 8TH
Augusta GreenJackets batting - Pitching for Binghamton Mets : RHP Felipe Hinojosa
Pitching: LHP Scott Carr
Now in LF: Gang-sheng Chew
Pinch Hitting: RHB Antonio Lara 0-0: Ball
1-0: Called Strike
1-1: Ball
2-1: Ball
3-1: Called Strike
3-2: Base on Balls
Batting: SHB Ben Myers 0-0: Called Strike
0-1: Swinging Strike
0-2: Strikes out swinging
Pinch Hitting: RHB Peter Croston 0-0: Ball
1-0: Called Strike
1-1: Ball
2-1: Foul Ball, location: 2F
2-2: Foul Ball, location: 2F
2-2: Ball
3-2: Strikes out swinging
Batting: LHB Bruce Arvizu 0-0: Ball
1-0: Foul Ball, location: 2F
1-1: Called Strike
1-2: Ball
2-2: Strikes out swinging
Bottom of the 8th over - 0 runs, 0 hits, 0 errors, 1 left on base; Binghamton 5 - Augusta 5
TOP OF THE 9TH
Binghamton Mets batting - Pitching for Augusta GreenJackets : LHP Christian Rogers
Pitching: RHP Ricky Fo
Now at 1B: Jordan Wallace
Now at SS: Antonio Lara
Batting: SHB Tyler Maddux 0-0: Called Strike
0-1: Swinging Strike
0-2: Ball
1-2: Ball
2-2: Ball
3-2: Strikes out looking
Batting: SHB Nick Daigle 0-0: Ball
1-0: Ball
2-0: Ball
3-0: Called Strike
3-1: Base on Balls
Batting: RHB Oscar Bravo 0-0: Called Strike
0-1: Ball
1-1: Ball
2-1: Foul Ball, location: 2F
2-2: SINGLE (Groundball, P, EV 84.4 MPH) (infield hit)
Nick Daigle to second
Batting: RHB Enrique Aguirre 0-0: Foul Ball, location: 2F
0-1: Fielders Choice at 2nd, 6-4 (Groundball, 6, EV 86.2 MPH)
Nick Daigle to third
Batting: SHB Keith Casner 0-0: Ball
1-0: Called Strike
1-1: Ball
2-1: Swinging Strike
2-2: Strikes out swinging
Top of the 9th over - 0 runs, 1 hit, 0 errors, 2 left on base; Binghamton 5 - Augusta 5
BOTTOM OF THE 9TH
Augusta GreenJackets batting - Pitching for Binghamton Mets : LHP Scott Carr
Pitching: RHP Casey Cuomo
Batting: RHB Nate Burkhalter 0-0: Called Strike
0-1: Ball
1-1: Ball
2-1: Fly out, F8 (Flyball, 78M, EV 85.6 MPH)
Batting: RHB Justin Baldwin 0-0: Ground out 6-3 (Groundball, 6, EV 93.8 MPH)
Pinch Hitting: LHB Chris Morgan 0-0: Fly out, F8 (Line Drive, 8LM, EV 93.1 MPH)
Bottom of the 9th over - 0 runs, 0 hits, 0 errors, 0 left on base; Binghamton 5 - Augusta 5
TOP OF THE 10TH
Binghamton Mets batting - Pitching for Augusta GreenJackets : RHP Ricky Fo
Now at 2B: Aaron Burress
Batting: RHB Jake Geib 0-0: Swinging Strike
0-1: Ball
1-1: Ball
2-1: Foul Ball, location: 2F
2-2: Strikes out swinging
Batting: RHB Sam Callahan 0-0: Called Strike
0-1: Hit by Pitch
Batting: RHB Reginald McDougall 0-0: Sac Bunt to 23 - play at first, batter OUT! 3-4
Sam Callahan to second
Batting: RHB Gang-sheng Chew 0-0: Ball
1-0: Ball
2-0: Fly out, F6 (Popup, 6D, EV 46.2 MPH)
Top of the 10th over - 0 runs, 0 hits, 0 errors, 1 left on base; Binghamton 5 - Augusta 5
BOTTOM OF THE 10TH
Augusta GreenJackets batting - Pitching for Binghamton Mets : RHP Casey Cuomo
Batting: SHB Zack Barton 0-0: Ground out 4-3 (Groundball, 4, EV 90.6 MPH)
Batting: RHB Frank Pena 0-0: Foul Ball, location: 2F
0-1: SINGLE (Groundball, 56D, EV 98.1 MPH)
Batting: RHB Antonio Lara 0-0: Foul Ball, location: 2F
0-1: Foul Ball, location: 2F
0-2: Ground out 5-3 (Groundball, 56S, EV 71.2 MPH)
Frank Pena to second
Batting: SHB Ben Myers 0-0: Intentional Walk
Batting: RHB Jordan Wallace 0-0: Called Strike
0-1: Called Strike
0-2: Strikes out swinging
Bottom of the 10th over - 0 runs, 1 hit, 0 errors, 2 left on base; Binghamton 5 - Augusta 5
TOP OF THE 11TH
Binghamton Mets batting - Pitching for Augusta GreenJackets : RHP Ricky Fo
Pitching: LHP Robert Soto
Batting: SHB Tyler Maddux 0-0: Foul Ball, location: 2F
0-1: Ball
1-1: Called Strike
1-2: SINGLE (Line Drive, 6D, EV 95.6 MPH)
Batting: SHB Nick Daigle 0-0: Sac Bunt to 15S - play at first, batter safe!
Tyler Maddux to second
Batting: RHB Oscar Bravo 0-0: Called Strike
0-1: Ball
1-1: Fielders Choice at 2nd, 6-4 (Groundball, 6, EV 81.2 MPH)
Tyler Maddux to third
Batting: RHB Enrique Aguirre 0-0: Swinging Strike
0-1: Ball
1-1: Fly out, F7 (Flyball, 7S, EV 80.6 MPH)
Batting: SHB Keith Casner 0-0: Ball
1-0: Called Strike
1-1: Fielders Choice at 2nd, U4 (Groundball, 4M, EV 79.4 MPH)
Top of the 11th over - 0 runs, 2 hits, 0 errors, 2 left on base; Binghamton 5 - Augusta 5
BOTTOM OF THE 11TH
Augusta GreenJackets batting - Pitching for Binghamton Mets : RHP Casey Cuomo
Batting: LHB Bruce Arvizu 0-0: SINGLE (Line Drive, 3D, EV 96.9 MPH)
Batting: RHB Nate Burkhalter 0-0: Bunted foul
0-1: Bunt - Flyout to 13! F1
Batting: RHB Justin Baldwin 0-0: Ball
1-0: Ball
2-0: Foul Ball, location: 2F
2-1: Ball
3-1: Foul Ball, location: 2F
3-2: DOUBLE (Line Drive, 89M, EV 105.0 MPH)
Bruce Arvizu to third
Bruce Arvizu scores
Bottom of the 11th over - 1 run, 2 hits, 0 errors, 1 left on base; Binghamton 5 - Augusta 6
Sunday, July 16th , 2023 - OOTP Baseball 24.6 Build 69